 Dungeon Crawl Stone Soup version 0.32-a0-120-gfac0567ad4 (webtiles) character file.

Game seed: 943413091821189756

170203 Daunt the Executioner (level 17, -1/149 HPs)
             Began as a Minotaur Chaos Knight on Feb 6, 2024.
             Was a Plaything of Xom.
             Killed from afar by a shock serpent (27 damage)
             ... with a bolt of electricity
             ... on level 4 of the Snake Pit.
             The game lasted 02:16:15 (23810 turns).

Daunt the Executioner (Minotaur Chaos Knight)      Turns: 23810, Time: 02:16:16

Health: -1/149     AC: 28    Str: 22    XL:     17   Next: 37%
Magic:  16/16      EV: 16    Int:  9    God:    Xom [......]
Gold:   2249       SH:  0    Dex: 14    Spells: 16/16 levels left

rFire   + . .        b - +3 executioner's axe (chaos)
rCold   . . .        (shield currently unavailable)
rNeg    . . .        V - +4 ring mail "Laedas" {rF+ Dex+3}
rPois   +            (helmet restricted)
rElec   .            e - +0 cloak
rCorr   .            d - +2 pair of gloves
SInv    .            R - +2 pair of boots
Will    +....        S - amulet of regeneration
Stlth   +            i - ring of poison resistance
HPRegen 1.24/turn    A - +4 ring of protection
MPRegen 0.15/turn

%: random rage (3%)
@: lethally poisoned (-1 -> -1), weakened
A: horns 2, retaliatory headbutt, iridescent scales 3, berserk 1, deformed body,
deterioration 1, frail 1, weak 1, sturdy frame 1
a: Renounce Religion


You were on level 4 of the Snake Pit.
You worshipped Xom.
You were a very special plaything of Xom.
You visited 4 branches of the dungeon, and saw 26 of its levels.
You also visited: Sewer, Ossuary and Ice Cave.

You collected 4014 gold pieces.
You spent 1765 gold pieces at shops.

Inventory:

Hand Weapons
 a - a +1 spectral battleaxe
 b - a +3 executioner's axe of chaos (weapon)
 l - a +4 war axe of flaming
Missiles
 m - 17 javelins
 v - 34 poisoned darts (quivered)
 F - 3 atropa-tipped darts
 O - 7 throwing nets
 T - 9 curare-tipped darts
 X - 11 boomerangs
Armour
 d - a +2 pair of gloves (worn)
 e - a +0 cloak (worn)
 r - a +1 plate armour of cold resistance
 R - a +2 pair of boots (worn)
 V - the +4 ring mail "Laedas" (worn) {rF+ Dex+3}
   (You bought it in a shop on level 8 of the Dungeon)

   Dex+3:     It affects your dexterity (+3).
   rF+:       It protects you from fire.
Jewellery
 i - a ring of poison resistance (left hand)
 k - a +6 ring of strength
 A - a +4 ring of protection (right hand)
 I - a ring of see invisible
 S - an amulet of regeneration (around neck)
Wands
 t - a wand of mindburst (19)
 x - a wand of paralysis (28)
 y - a wand of polymorph (31)
 B - a wand of flame (36)
 C - a wand of acid (9)
 D - a wand of digging (7)
 W - a wand of roots (14)
Scrolls
 c - 2 scrolls of fear
 f - 3 scrolls of vulnerability
 h - 3 scrolls of immolation
 n - 3 scrolls of silence
 o - 11 scrolls of teleportation
 p - 5 scrolls of fog
 z - 3 scrolls of summoning
 G - 2 scrolls of revelation
 M - 5 scrolls of blinking
 Q - 3 scrolls of poison
Potions
 g - 2 potions of attraction
 j - 2 potions of invisibility
 s - 3 potions of cancellation
 u - 2 potions of enlightenment
 w - 3 potions of haste
 E - 4 potions of mutation
 H - 5 potions of brilliance
 J - 5 potions of might
 K - 5 potions of lignification
 L - 6 potions of curing
 P - 3 potions of resistance
 Y - 2 potions of heal wounds
 Z - a potion of ambrosia


   Skills:
 + Level 18.4 Fighting
 - Level 24.0 Axes
 + Level 9.1 Throwing
 + Level 15.0 Armour
 + Level 10.8 Dodging
 - Level 4.0 Shields
 - Level 6.0 Evocations


You had 16 spell levels left.
You didn't know any spells.
Your spell library contained the following spells:

 Spells                   Type           Power      Damage    Failure   Level
 Apportation              Tloc           0%         N/A       43%         1
 Foxfire                  Conj/Fire      0%         2x1d4     43%         1
 Necrotise                Necr           0%         1d4       43%         1
 Sandblast                Erth           0%         2d4       43%         1
 Sting                    Conj/Alch      0%         1d3       43%         1
 Summon Small Mammal      Summ           0%         N/A       43%         1
 Jinxbite                 Hex            0%         N/A       56%         2
 Mercury Vapours          Alch/Air       0%         N/A       56%         2
 Scorch                   Fire           0%         2d5       56%         2
 Static Discharge         Conj/Air       0%         3-3/arc   56%         2
 Sublimation of Blood     Necr           0%         N/A       56%         2
 Call Canine Familiar     Summ           0%         N/A       80%         3
 Dazzling Flash           Conj/Hex       0%         N/A       80%         3
 Inner Flame              Hex/Fire       0%         N/A       80%         3
 Mephitic Cloud           Conj/Alch/Air  0%         N/A       80%         3
 Passwall                 Erth           0%         N/A       80%         3
 Stone Arrow              Conj/Erth      0%         3d7       80%         3
 Tukima's Dance           Hex            0%         N/A       80%         3
 Vampiric Draining        Necr           0%         2d6       80%         3
 Airstrike                Air            0%         2d(0-16)  99%         4
 Anguish                  Hex/Necr       0%         N/A       99%         4
 Animate Dead             Necr           0%         N/A       99%         4
 Brom's Barrelling Bould  Conj/Erth      0%         2d3       99%         4
 Cause Fear               Hex            0%         N/A       99%         4
 Dimensional Bullseye     Hex/Tloc       0%         N/A       99%         4
 Flame Wave               Conj/Fire      0%         2d4       99%         4
 Iskenderun's Mystic Bla  Conj/Tloc      0%         2d3       99%         4
 Martyr's Knell           Necr/Summ      0%         N/A       99%         4
 Olgreb's Toxic Radiance  Alch           0%         N/A       99%         4
 Passage of Golubria      Tloc           0%         N/A       99%         4
 Petrify                  Alch/Erth      0%         N/A       99%         4
 Sticky Flame             Fire/Alch      0%         2d4       99%         4
 Summon Blazeheart Golem  Fire/Summ      0%         N/A       99%         4
 Summon Lightning Spire   Summ/Air       0%         N/A       99%         4
 Alistair's Intoxication  Alch           0%         N/A       100%        5
 Curse of Agony           Necr           0%         N/A       100%        5
 Irradiate                Conj/Alch      0%         3d11      100%        5
 Lee's Rapid Deconstruct  Erth           0%         3d4*      100%        5
 Silence                  Hex/Air        0%         N/A       100%        5
 Yara's Violent Unravell  Hex/Alch       0%         3d3       100%        5
 Death Channel            Necr           0%         N/A       100%        6
 Plasma Beam              Fire/Air       0%         2x1d10    100%        6
 Sculpt Simulacrum        Ice/Alch       0%         N/A       100%        6
 Starburst                Conj/Fire      0%         6d3       100%        6
 Summon Cactus Giant      Summ           0%         N/A       100%        6
 Enfeeble                 Hex            0%         N/A       100%        7
 Ozocubu's Refrigeration  Ice            0%         4d7       100%        7
 Polar Vortex             Ice            0%         N/A       100%        9


Dungeon Overview and Level Annotations

Branches:
Dungeon (15/15) Zot: 25661  Temple (0/1) D:4            Lair (5/5) D:11 Zot: 24526
 Shoals (0/4) Lair:2        Snake (4/4) Lair:3 Zot: 20389   Slime (0/5) Lair:5
    Orc (2/2) D:12 Zot: 10791     Elf (0/3) Orc:2        Vaults (0/5) D:14
 Depths (0/4) D:15          Sewer (visited)         Ossuary (visited)
  IceCv (visited)

Altars:
Cheibriados
Elyvilon
Fedhas
Hepliaklqana
Nemelex Xobeh
Qazlal
Ru
Trog
Uskayaw
Xom
Jiyva

Shops:
D:8 [   D:12 (   Orc:2 :*([   Snake:1 ([*   Snake:4 ==:

Portals:
Trove: D:10 (give +4 fire dragon scales)

Annotations:
Lair:4 2 transporters


Innate Abilities, Weirdness & Mutations

You have a pair of horns on your head.
You reflexively headbutt those who attack you in melee.
You are completely covered in iridescent scales. (AC +6)
You sometimes lose your temper in combat.
Armour fits poorly on your strangely shaped body.
Your body sometimes deteriorates upon taking damage.
You are frail. (-10% HP)
You are weak. (Str -2)
Your movements are slightly less encumbered by armour. (ER -2)


Message History

You headbutt the black mamba.
Unknown command.
Unknown command.
You slice the black mamba!!
The your executioner's axe of chaos misses the black mamba.
You headbutt the black mamba, but do no damage.
The black mamba is almost dead.
You feel sick.
You are more poisoned.
The black mamba bites you but does no damage.
The black mamba misses you.
Unknown command.
Unknown command.
You miss the black mamba.
You headbutt the black mamba, but do no damage.
You slash the black mamba!
You kill the black mamba!
You feel sick.
The naga sharpshooter mumbles some strange words.
The naga sharpshooter magically shoots an arrow.
The arrow hits you. The black mamba completely misses you.
Unknown command.
Unknown command.
You cut the black mamba into ribbons!!!
You kill the black mamba!
You feel sick.
You hear a shout!
Unknown command.
You feel sick.
You feel sick.
A shock serpent comes into view.
You feel sick.
The shock serpent hisses angrily.
The shock serpent shoots out a bolt of lightning at you!
The bolt of electricity hits you!!
* * * LOW HITPOINT WARNING * * *
You feel sick.
The shock serpent shoots out a bolt of lightning at you!
The bolt of electricity hits you!!
You die...

......##.........................
......#####....##...#..##....####
......# ##...###.###.####..####
.....## #...# #.# #....#...)÷[
#....### #...# #.# #....#..).#)
##.....#####...###.###.......).#.
#####.....#.#.......#......#.†##
#####.#.###.#..........##.##
#.....# #@#.........###.#.
#.....###.##....##.####.#.
#....†....##...##..# #....
##...N###.##...##..###..## .#.
##.....#...#####....#.... ∆.....
#...#......####......... .....
##.......#.......####... #N..
#....S..)......## ##..
##ß.####....##........####...


You could see a shock serpent.

Vanquished Creatures
  Saint Roka (Orc:2)
  Frances (D:14)
  Roxanne (D:15)
  3 nagarajas
  A dire elephant (D:15)
  A fire dragon (D:14)
  A rakshasa (D:15)
  3 hydras
  Erolcha (D:11)
  Harold (D:11)
  An ogre mage (Orc:2)
  2 salamander tyrants (Snake:4)
  4 centaur warriors
  2 great orbs of eyes
  3 boulder beetles
  2 ironbound frosthearts (IceCv)
  14 anacondas
  2 dancing weapons (D:14)
  10 two-headed ogres
  13 death yaks
  A tengu warrior (D:15)
  Urug (D:11)
  A hell hog (Lair:5)
  8 naga warriors
  An orc high priest (Orc:2)
  8 naga sharpshooters
  7 shock serpents
  A skyshark (Lair:4)
  4 skeletal warriors
  A salamander mystic (Snake:4)
  3 mana vipers
  4 orc knights (Orc:2)
  6 naga ritualists
  A wolf spider zombie (D:13)
  5 ugly things (D:14)
  2 deep elf pyromancers
  2 wolf spiders (Lair:5)
  11 salamanders
  2 orc sorcerers (Orc:2)
  2 manticores (Orc:2)
  A cyclops (D:13)
  4 meliai
  4 centaur zombies (D:13)
  5 guardian serpents
  10 slime creatures
  12 elephants
  48 black mambas
  2 kobold blastminers (Orc:2)
  2 torpor snails
  18 naga magi
  Maggie (Lair:2)
  A gargoyle (D:11)
  9 cane toads
  An ice statue (IceCv)
  4 orange demons (Orc:2)
  4 kobold demonologists (D:12)
  3 tengu conjurers
  A freezing wraith (D:15)
  An efreet (D:15)
  10 komodo dragons
  3 yaktaurs (D:15)
  Psyche (D:8)
  2 ice devils (Lair:4)
  4 rime drakes
  5 trolls
  3 hornets
  4 merfolk (Lair:2)
  2 raiju (Lair:5)
  14 blink frogs
  12 dream sheep
  18 polar bears
  2 centaur simulacra (D:10)
  A shadow (D:11)
  A vampire (D:9)
  7 wraiths
  16 wyverns
  53 yaks
  5 basilisks
  7 vampire mosquitoes
  A golden eye (D:14)
  A redback (Lair:5)
  6 wargs
  2 steam dragons
  32 nagas
  2 swamp worms (D:9)
  4 acid dragons
  15 hell hounds (Lair:5)
  18 water moccasins
  3 swamp drakes
  Pargi (Sewer)
  An ice beast (D:5)
  A sky beast (D:7)
  13 black bears
  25 orc warriors
  2 laughing skulls (D:15)
  53 wolves
  4 ogres
  4 boggarts (D:15)
  5 centaurs
  3 phantoms
  5 kobold brigands
  5 bullfrogs
  4 scorpions
  6 water moccasin zombies (Ossuary)
  7 wights
  A burial acolyte (Ossuary)
  18 killer bees
  4 howler monkeys
  2 electric eels (D:10)
  A bombardier beetle (shapeshifter) (D:13)
  4 jellies
  3 bombardier beetles
  19 orc priests
  2 hounds
  A gnoll bouda (D:7)
  4 iguanas
  22 orc wizards
  2 bullfrog simulacra (Ossuary)
  A crocodile zombie (Ossuary)
  2 mummies (Ossuary)
  15 gnolls
  4 adders
  A river rat (D:3)
  A shadow imp (D:7)
  7 white imps
  6 ufetubi
  6 adder zombies (Ossuary)
  3 dart slugs
  2 ribbon worms
  51 orcs
  4 bats
  6 endoplasms
  5 giant cockroaches
  7 gnoll zombies (Ossuary)
  6 goblins
  4 hobgoblins
  4 jackals (D:3)
  2 quokkas
  5 ball pythons
  4 frilled lizards
  A goblin zombie (D:6)
  4 jackal zombies (Ossuary)
  31 kobolds
  2 orc zombies (Ossuary)
  6 rats
  A rat zombie (D:6)
  A spectral goblin (D:13)
937 creatures vanquished.

Vanquished Creatures (collateral kills)
  A death yak (Lair:5)
  A naga mage (Snake:3)
  A troll (D:10)
  A polar bear (D:10)
  A wyvern (D:8)
  A wight (D:10)
  2 centaur simulacra (D:10)
8 creatures vanquished.

Vanquished Creatures (others)
  An anaconda (Snake:4)
  2 dancing weapons (Snake:4)
  A guardian serpent (Snake:4)
  A black bear (D:5)
  2 orc wizards
  A naga zombie (Snake:2)
  An orc (D:10)
  A spectral weapon (D:15)
10 creatures vanquished.

Grand Total: 955 creatures vanquished

Notes
Turn   | Place    | Note
-------+----------+-------------------------------------------
     0 | D:1      | Daunt the Minotaur Chaos Knight began the quest for the
                  | Orb.
     0 | D:1      | Reached XP level 1. HP: 19/19 MP: 0/0
    51 | D:1      | Reached skill level 4 in Axes
    85 | D:1      | Reached XP level 2. HP: 26/26 MP: 1/1
   126 | D:1      | Found a faded altar of an unknown god.
   698 | D:1      | XOM: silly message
   804 | D:1      | Reached skill level 5 in Axes
  1002 | D:2      | XOM: divination: magic mapping
  1003 | D:2      | Reached XP level 3. HP: 28/31 MP: 2/2
  1227 | D:2      | XOM: 1-stop teleportation journey
  1535 | D:3      | Found a glowing drain.
  1547 | D:3      | Reached XP level 4. HP: 39/39 MP: 3/3
  1551 | D:3      | Reached skill level 6 in Axes
  1561 | Sewer    | Entered a sewer
  1621 | Sewer    | Noticed Pargi
  1624 | Sewer    | Killed Pargi
  1625 | Sewer    | Reached skill level 7 in Axes
  1625 | Sewer    | Reached XP level 5. HP: 38/45 MP: 4/4
  1670 | Sewer    | Reached skill level 8 in Axes
  1724 | D:3      | XOM: 3-stop teleportation journey
  2088 | D:3      | Found a hazy altar of Hepliaklqana.
  2089 | D:3      | Found a sacrificial altar of Ru.
  2462 | D:4      | Reached XP level 6. HP: 51/51 MP: 5/5
  2531 | D:5      | Entered Level 5 of the Dungeon
  2655 | D:4      | XOM: god gift: 28 gold pieces
  2875 | D:4      | XOM: god gift: 1140 gold pieces
  2950 | D:4      | XOM: god gift: fluorescent wand {god gift}
  2962 | D:5      | XOM: blink monster(s)
  2969 | D:5      | Reached skill level 9 in Axes
  3054 | D:4      | XOM: divination: detect items
  3195 | D:4      | Found a staircase to the Ecumenical Temple.
  3255 | D:4      | Reached XP level 7. HP: 42/57 MP: 6/6
  3364 | D:5      | Reached skill level 10 in Axes
  3381 | D:5      | XOM: god gift: Xom's Compendium of Distraction {god gift}
  3398 | D:5      | Got Xom's Compendium of Distraction {god gift}
  3596 | D:5      | Found a blossoming altar of Fedhas.
  3621 | D:5      | XOM: repel stairs
  3686 | D:6      | XOM: divination: detect creatures
  3692 | D:5      | XOM: divination: detect items
  3782 | D:6      | Reached skill level 5 in Fighting
  3782 | D:6      | Reached skill level 11 in Axes
  3782 | D:6      | Reached XP level 8. HP: 55/68 MP: 7/7
  3794 | D:6      | Found a stormy altar of Qazlal.
  3845 | D:6      | Found a shimmering altar of Xom.
  3874 | D:6      | Found a bloodstained altar of Trog.
  3959 | D:6      | Found a sand-covered staircase.
  3972 | Ossuary  | Entered an ossuary
  3986 | Ossuary  | XOM: scenery: 1 doors open, 1 doors close
  4033 | Ossuary  | XOM: confuse monster(s)
  4060 | Ossuary  | Reached skill level 12 in Axes
  4259 | D:5      | XOM: smoke on damage
  4274 | D:5      | XOM: give mutations
  4274 | D:5      | Gained mutation: You are covered in fur. (AC +1) [Xom's
                  | grace]
  4274 | D:5      | Gained mutation: You are partially covered in iridescent
                  | scales. (AC +2) [Xom's grace]
  4412 | D:5      | XOM: potion effect (haste)
  4714 | D:5      | XOM: god gift: 7 gold pieces
  4901 | D:6      | XOM: divination: detect items
  5028 | D:6      | Reached skill level 13 in Axes
  5158 | D:6      | Identified the -1 pair of gloves "Paeplaun" {-Cast Regen+
                  | Str+4 Dex+2}
  5208 | D:6      | Reached XP level 9. HP: 77/79 MP: 8/8
  5441 | D:7      | XOM: cleaving
  5574 | D:7      | XOM: confuse monster(s)
  5664 | D:7      | Reached skill level 14 in Axes
  5689 | D:7      | XOM: enchant monster (good)
  5839 | D:7      | Found a white marble altar of Elyvilon.
  5945 | D:8      | XOM: give mutations
  5945 | D:8      | Gained mutation: You possess an exceptional clarity of
                  | mind. [Xom's mischief]
  5945 | D:8      | Lost mutation: You possess an exceptional clarity of mind.
                  | [Xom's mischief]
  5945 | D:8      | Gained mutation: You are mostly covered in iridescent
                  | scales. (AC +4) [Xom's mischief]
  5945 | D:8      | Gained mutation: Your health recovers twice as slowly from
                  | being drained. [Xom's mischief]
  6009 | D:8      | XOM: god gift: 8 stones
  6108 | D:8      | Identified the +2 robe of Viuju {Slay+2 Archmagi}
  6119 | D:8      | Found a snail-covered altar of Cheibriados.
  6213 | D:8      | Found a hide-covered altar of Uskayaw.
  6310 | D:8      | XOM: divination: magic mapping
  6380 | D:8      | Found Xietaum's Armour Emporium.
  6383 | D:8      | Bought the +4 ring mail "Laedas" {rF+ Dex+3} for 443 gold
                  | pieces
  6424 | D:8      | XOM: summons friendly shadow imp
  6432 | D:8      | XOM: summons friendly white imp
  6437 | D:8      | Reached skill level 5 in Armour
  6481 | D:9      | Noticed Psyche
  6524 | D:8      | Killed Psyche
  6540 | D:9      | Reached skill level 5 in Dodging
  6678 | D:9      | Reached XP level 10. HP: 86/86 MP: 9/9
  6680 | D:9      | XOM: divination: detect creatures
  6690 | D:9      | XOM: 4-stop teleportation journey
  6741 | D:9      | XOM: summons 3 friendly demons
  6976 | D:9      | XOM: give mutation
  6976 | D:9      | Gained mutation: Your system is resistant to poisons.
                  | (rPois) [Xom's grace]
  7179 | D:10     | Entered Level 10 of the Dungeon
  7188 | D:10     | XOM: enchant monster (good)
  7191 | D:9      | XOM: scenery: create altars
  7270 | D:10     | XOM: 1-stop teleportation journey
  7278 | D:10     | XOM: potion effect (invisibility)
  7333 | D:10     | Found a sparkling altar of Nemelex Xobeh.
  7384 | D:10     | XOM: cast spell 'Monstrous Menagerie'
  7399 | D:10     | XOM: give mutations
  7399 | D:10     | Gained mutation: You are strong-willed. (Will+) [Xom's
                  | grace]
  7399 | D:10     | Gained mutation: You expend magic power (3 MP) to
                  | strengthen your wands. [Xom's grace]
  7399 | D:10     | Gained mutation: Your spells are a little harder to cast,
                  | but a little more powerful. [Xom's grace]
  7399 | D:10     | Gained mutation: You have hidden genetic potential. [Xom's
                  | grace]
  7417 | D:10     | XOM: chaos cloud
  7466 | D:10     | Reached skill level 10 in Armour
  7473 | D:10     | XOM: destruction
  7489 | D:10     | Reached XP level 11. HP: 91/92 MP: 10/10
  7523 | D:10     | XOM: destruction
  7529 | D:10     | XOM: polymorph orc warrior -> kobold
  7599 | D:10     | Found a portal to a secret trove of treasure.
  7661 | D:10     | XOM: god gift: great mace {god gift}
  7708 | D:10     | XOM: cast spell 'Summon Mana Viper'
  7830 | D:10     | Identified the +7 falchion "Loonomar" {spect, rC+ SInv}
  7997 | D:10     | XOM: god gift: distressingly furry robe {god gift}
  7997 | D:10     | Identified the +2 robe of Zew Zomer {rN++} (Xom gifted it
                  | to you on level 10 of the Dungeon)
  8133 | D:11     | Noticed Urug
  8139 | D:11     | Noticed a boulder beetle
  8152 | D:11     | XOM: cleaving
  8154 | D:11     | XOM: fog
  8156 | D:11     | Killed a boulder beetle
  8163 | D:11     | Killed Urug
  8167 | D:11     | Gained mutation: You are highly strong-willed. (Will++)
                  | [hidden potential]
  8280 | D:11     | Noticed Harold
  8281 | D:11     | XOM: cast spell 'Leda's Liquefaction'
  8283 | D:11     | Noticed Erolcha
  8284 | D:11     | XOM: confuse monster(s)
  8287 | D:11     | XOM: confusion (+ monsters)
  8290 | D:11     | Killed Harold
  8301 | D:11     | Killed Erolcha
  8481 | D:11     | XOM: polymorph wolf -> kobold
  8496 | D:11     | Found a staircase to the Lair.
  8607 | Lair:1   | Entered Level 1 of the Lair of Beasts
  8607 | Lair:1   | Found a stormy altar of Qazlal.
  8618 | Lair:1   | Reached skill level 15 in Axes
  8629 | Lair:1   | Reached XP level 12. HP: 99/103 MP: 11/11
  8671 | Lair:1   | XOM: silly message
  8673 | Lair:1   | XOM: enchant monster (bad)
  8678 | Lair:1   | XOM: enchant monster (good)
  8696 | Lair:1   | XOM: swap monsters
  8726 | Lair:1   | XOM: summons 5 hostile demons
  8811 | Lair:1   | XOM: give mutations
  8811 | Lair:1   | Gained mutation: You have sharp fingernails. [Xom's
                  | mischief]
  8811 | Lair:1   | Lost mutation: Your spells are a little harder to cast, but
                  | a little more powerful. [Xom's mischief]
  8811 | Lair:1   | Lost mutation: You have hidden genetic potential. [Xom's
                  | mischief]
  8987 | Lair:1   | XOM: summons 6 hostile demons
  9178 | Lair:1   | XOM: silly message
  9249 | Lair:2   | Reached skill level 16 in Axes
  9255 | Lair:2   | XOM: noise
  9271 | Lair:2   | Reached skill level 1 in Throwing
  9271 | Lair:2   | Reached skill level 1 in Evocations
  9297 | Lair:2   | Noticed Maggie
  9306 | Lair:2   | Killed Maggie
  9486 | Lair:2   | Found a staircase to the Shoals.
  9615 | Lair:2   | Noticed a five-headed hydra
  9615 | Lair:2   | XOM: 1-stop teleportation journey
  9777 | Lair:2   | XOM: noise
 10128 | Lair:2   | XOM: cloud trail
 10139 | Lair:2   | XOM: silly message
 10141 | Lair:2   | Killed a five-headed hydra
 10142 | Lair:2   | Reached skill level 5 in Throwing
 10194 | Lair:3   | XOM: divination: detect creatures
 10239 | Lair:3   | XOM: divination: magic mapping
 10241 | Lair:3   | Noticed a death yak
 10242 | Lair:3   | Reached skill level 5 in Evocations
 10244 | Lair:3   | Noticed a death yak
 10247 | Lair:3   | XOM: fake destruction
 10262 | Lair:3   | XOM: divination: detect creatures
 10265 | Lair:3   | Killed a death yak
 10272 | Lair:3   | Killed a death yak
 10283 | Lair:3   | XOM: divination: detect creatures
 10368 | Lair:3   | Reached XP level 13. HP: 111/111 MP: 12/12
 10457 | Lair:3   | XOM: divination: magic mapping
 10459 | Lair:3   | XOM: potion effect (brilliance)
 10781 | Lair:3   | Found a staircase to the Snake Pit.
 11215 | Lair:4   | XOM: summons friendly ufetubus
 11226 | Lair:4   | XOM: potion effect (invisibility)
 11230 | Lair:4   | XOM: divination: magic mapping
 11241 | Lair:4   | Reached skill level 10 in Dodging
 11314 | Lair:4   | Found a frozen archway.
 11338 | IceCv    | Entered an ice cave
 11464 | IceCv    | XOM: silly message
 11509 | IceCv    | Reached skill level 15 in Armour
 11558 | IceCv    | XOM: blink monster(s)
 11580 | IceCv    | Reached skill level 10 in Fighting
 11670 | IceCv    | XOM: divination: detect creatures
 11685 | IceCv    | XOM: enchant monster (good)
 11778 | IceCv    | XOM: give mutations
 11778 | IceCv    | Gained mutation: Your movements are slightly less
                  | encumbered by armour. (ER -2) [Xom's grace]
 11778 | IceCv    | Gained mutation: You have large cloven feet. [Xom's grace]
 11778 | IceCv    | Gained mutation: You are somewhat resistant to further
                  | mutation. [Xom's grace]
 11810 | IceCv    | XOM: silly message
 11816 | IceCv    | XOM: give mutation
 11816 | IceCv    | Lost mutation: Your health recovers twice as slowly from
                  | being drained. [Xom's mischief]
 11822 | IceCv    | XOM: summons 3 hostile demons
 11830 | IceCv    | XOM: summons 2 hostile shadow creatures
 11832 | IceCv    | XOM: torment (34/119 hp)
 11925 | IceCv    | Identified the +9 long sword "Saallukh" {speed, rCorr}
 12053 | IceCv    | XOM: summons 7 hostile demons
 12217 | Lair:4   | Found a transporter.
 12356 | Lair:4   | XOM: 2-stop teleportation journey
 12699 | D:10     | XOM: give mutations
 12699 | D:10     | Gained mutation: You are completely covered in iridescent
                  | scales. (AC +6) [Xom's mischief]
 12699 | D:10     | Gained mutation: You are frail. (-10% HP) [Xom's mischief]
 12699 | D:10     | Lost mutation: You are somewhat resistant to further
                  | mutation. [Xom's mischief]
 12699 | D:10     | Lost mutation: You have sharp fingernails. [Xom's mischief]
 12834 | Lair:4   | Found a transporter.
 12977 | Lair:4   | Reached XP level 14. HP: 116/116 MP: 13/13
 13254 | Lair:4   | XOM: draining
 13272 | Lair:4   | XOM is BORED!
 13272 | Lair:4   | XOM: summons 3 hostile shadow creatures
 13412 | Lair:4   | XOM: summons 2 hostile demons
 13479 | Lair:5   | Entered Level 5 of the Lair of Beasts
 13626 | Lair:5   | XOM: summons 8 hostile demons
 13651 | Lair:5   | Reached skill level 15 in Fighting
 13662 | Lair:5   | XOM: fog
 13682 | Lair:5   | XOM: smoke on damage
 13685 | Lair:5   | XOM: snakes to sticks
 13786 | Lair:5   | XOM: enchant monster (good)
 13842 | Lair:5   | XOM: cast spell 'Death Channel'
 13853 | Lair:5   | XOM: confusion
 13861 | Lair:5   | XOM: summons 13 friendly demons
 14008 | Lair:5   | XOM: cleaving
 14075 | Lair:5   | Found a staircase to the Slime Pits.
 14075 | Lair:5   | Found a viscous altar of Jiyva.
 14099 | Lair:5   | XOM: give mutation
 14099 | Lair:5   | Lost mutation: You have large cloven feet. [Xom's mischief]
 14099 | Lair:5   | Gained mutation: You have sharp toenails. [Xom's mischief]
 14248 | Lair:5   | Reached skill level 17 in Axes
 14258 | Lair:5   | XOM: confuse monster(s)
 14263 | Lair:5   | XOM: enchant monster (bad)
 14302 | Lair:5   | XOM: 1-stop teleportation journey
 14420 | Lair:5   | XOM: summons 4 hostile demons
 14607 | Lair:5   | XOM: fog
 14622 | Lair:5   | XOM: polymorph polar bear -> swamp drake
 14623 | Lair:5   | XOM: blink monster(s)
 14630 | Lair:5   | XOM: potion effect (berserk rage)
 14655 | Lair:5   | Reached skill level 18 in Axes
 14803 | Lair:5   | XOM: draining
 14854 | Lair:5   | XOM: give mutations
 14854 | Lair:5   | Lost mutation: You are covered in fur. (AC +1) [Xom's
                  | mischief]
 14854 | Lair:5   | Gained mutation: You occasionally lose the ability to drink
                  | potions when taking damage. [Xom's mischief]
 14999 | D:12     | XOM: polymorph manticore -> dream sheep
 15008 | D:12     | Found Vizut's Antique Weapon Shoppe.
 15016 | D:12     | Bought a runed battleaxe for 285 gold pieces
 15051 | D:12     | Found a staircase to the Orcish Mines.
 15051 | D:12     | XOM: 2-stop teleportation journey
 15064 | D:12     | XOM: cleaving
 15065 | D:12     | XOM: enchant monster (bad)
 15069 | D:12     | XOM: potion effect (haste)
 15080 | D:12     | XOM: scenery: summon butterflies
 15106 | D:12     | Reached XP level 15. HP: 60/118 MP: 14/14
 15127 | D:12     | XOM: scenery: create altars
 15204 | D:12     | XOM: enchant monster (good)
 15302 | D:12     | XOM: god gift: scroll of summoning
 15669 | D:12     | XOM: silly message
 15743 | D:12     | XOM: summons 2 hostile shadow creatures
 15820 | D:12     | XOM: stat loss: -1 Int (8/9)
 15925 | D:13     | XOM: enchant monster (bad)
 15926 | D:13     | Reached skill level 19 in Axes
 16016 | D:13     | XOM: summons 8 hostile demons
 16020 | D:13     | XOM: smoke on damage
 16033 | D:13     | Found a hazy altar of Hepliaklqana.
 16104 | D:13     | XOM: scenery: summon butterflies
 16106 | D:13     | XOM: confusion (+ monsters)
 16275 | D:13     | XOM: scenery: summon butterflies
 16507 | D:14     | Found a transporter.
 16526 | D:14     | XOM: polymorph manticore -> swamp drake
 16575 | D:14     | Found a gate to the Vaults.
 16624 | D:14     | Found a transporter.
 16662 | D:14     | XOM: silly message
 16664 | D:14     | XOM: summons friendly ufetubus
 16675 | D:14     | XOM: divine lightning
 16678 | D:14     | XOM: noise
 16681 | D:14     | Reached skill level 20 in Axes
 16706 | D:14     | XOM: give mutations
 16706 | D:14     | Lost mutation: You occasionally lose the ability to drink
                  | potions when taking damage. [Xom's mischief]
 16706 | D:14     | Lost mutation: You are highly strong-willed. (Will++)
                  | [Xom's mischief]
 16706 | D:14     | Lost mutation: You expend magic power (3 MP) to strengthen
                  | your wands. [Xom's mischief]
 16728 | D:14     | XOM: give mutations
 16728 | D:14     | Lost mutation: You have sharp toenails. [Xom's mischief]
 16728 | D:14     | Lost mutation: You are strong-willed. (Will+) [Xom's
                  | mischief]
 16728 | D:14     | Gained mutation: Your body sometimes deteriorates upon
                  | taking damage. [Xom's mischief]
 16728 | D:14     | Lost mutation: Your system is resistant to poisons. (rPois)
                  | [Xom's mischief]
 16738 | D:14     | XOM: confusion
 16762 | D:14     | Found a viscous altar of Jiyva.
 16768 | D:14     | XOM: silly message
 16784 | D:14     | XOM: potion effect (haste)
 16836 | D:14     | Noticed Frances
 16847 | D:14     | Killed Frances
 17026 | D:14     | XOM: silly message
 17032 | D:14     | XOM: potion effect (invisibility)
 17052 | D:14     | XOM: silly message
 17135 | D:15     | Entered Level 15 of the Dungeon
 17271 | D:15     | XOM: divination: magic mapping
 17282 | D:15     | XOM: divination: detect items
 17645 | D:15     | XOM: scenery: create altars
 17718 | D:15     | XOM: polymorph yaktaur -> ribbon worm
 17731 | D:15     | XOM: summons friendly shadow imp
 17780 | D:14     | XOM: cloud trail
 17808 | D:15     | Noticed Roxanne
 17852 | D:15     | Killed Roxanne
 17853 | D:15     | Reached skill level 1 in Shields
 17946 | D:15     | XOM: summons 9 friendly demons
 18052 | D:15     | Found a staircase to the Depths.
 18118 | D:15     | XOM: give mutations
 18118 | D:15     | Gained mutation: You have hidden genetic defects. [Xom's
                  | mischief]
 18118 | D:15     | Gained mutation: You are weak. (Str -2) [Xom's mischief]
 18137 | D:15     | XOM: divination: magic mapping
 18190 | Orc:1    | Entered Level 1 of the Orcish Mines
 18319 | Orc:2    | Entered Level 2 of the Orcish Mines
 18326 | Orc:2    | Found a staircase to the Elven Halls.
 18388 | Orc:2    | XOM: scenery: summon butterflies
 18413 | Orc:1    | XOM: butterfly on damage
 18631 | Orc:2    | XOM: divination: magic mapping
 18754 | Orc:2    | XOM: fake destruction
 18761 | Orc:2    | Reached XP level 16. HP: 129/136 MP: 15/15
 18767 | Orc:2    | Noticed Saint Roka
 18768 | Orc:2    | XOM: summons friendly white imp
 18786 | Orc:2    | Killed Saint Roka
 18788 | Orc:2    | Gained mutation: You sometimes lose your temper in combat.
                  | [hidden defects]
 18799 | Orc:2    | XOM: cleaving
 18800 | Orc:2    | XOM: summons friendly crimson imp
 18817 | Orc:2    | Reached skill level 21 in Axes
 18899 | Orc:2    | Found Ximuqok's Antique Weapon Shop.
 18914 | Orc:2    | Found Teffof's Antique Armour Shop.
 18922 | Orc:2    | XOM: silly message
 19078 | Orc:2    | XOM: silly message
 19084 | Orc:2    | Found Qinkius's Book Shop.
 19100 | Orc:2    | Found Jokaem's General Store.
 19107 | Orc:2    | Bought a potion of enlightenment for 75 gold pieces
 19246 | Orc:2    | XOM: divination: detect items
 19820 | Snake:1  | Entered Level 1 of the Snake Pit
 19837 | Snake:1  | XOM: silly message
 19981 | Snake:1  | Found Gupnatei's Antique Weapon Shoppe.
 19985 | Snake:1  | Found Suwen's Antique Armour Emporium.
 19986 | Snake:1  | Found Lioc's Assorted Antiques.
 19993 | Snake:1  | Bought a scroll labelled NUBAIG SIANICO for 35 gold pieces
 19997 | Snake:1  | Bought a scroll of identify for 70 gold pieces
 19999 | Snake:1  | Bought a pair of runed boots for 247 gold pieces
 20336 | Snake:1  | Bought an executioner's axe for 350 gold pieces
 20549 | Snake:2  | XOM: repel stairs
 20583 | Snake:1  | Gained mutation: Armour fits poorly on your strangely
                  | shaped body. [hidden defects]
 20583 | Snake:1  | Lost mutation: You have hidden genetic defects. [hidden
                  | defects expressed]
 20712 | Snake:1  | Reached skill level 22 in Axes
 20722 | Snake:1  | XOM: summons 2 friendly demons
 20726 | Snake:1  | XOM: summons friendly iron imp
 21095 | Snake:1  | XOM: noise
 21252 | Snake:2  | XOM: summons 4 friendly demons
 21554 | Snake:2  | XOM: noise
 21782 | Snake:2  | XOM: noise
 21783 | Snake:2  | XOM: noise
 22174 | Snake:3  | XOM: 2-stop teleportation journey
 22293 | Snake:3  | XOM: swap monsters
 22299 | Snake:3  | XOM: cast spell 'Summon Hydra'
 22466 | Snake:3  | XOM: blink monster(s)
 22636 | Snake:3  | Reached XP level 17. HP: 142/149 MP: 16/16
 22688 | Snake:3  | Reached skill level 23 in Axes
 23047 | Snake:4  | Entered Level 4 of the Snake Pit
 23094 | Snake:4  | XOM: divine lightning
 23174 | Snake:4  | XOM: divination: detect items
 23318 | Snake:4  | XOM: cleaving
 23456 | Snake:4  | XOM: chaos upgrade
 23464 | Snake:4  | XOM: smoke on damage
 23468 | Snake:4  | XOM: potion effect (haste)
 23477 | Snake:4  | Found Qorcho's Book Emporium.
 23477 | Snake:4  | Found Osomufe's Jewellery Shop.
 23478 | Snake:4  | Found Viphaub's Jewellery Shop.
 23492 | Snake:4  | Bought a ring of poison resistance for 260 gold pieces
 23495 | Snake:4  | XOM: god gift: scroll of noise
 23781 | Snake:4  | Reached skill level 24 in Axes
 23810 | Snake:4  | Killed from afar by a shock serpent

Illustrated notes

Levels and vault maps discovered:
D:1:      lemuel_arrival_funnel, layout_basic,
          ebering_ecumenical_altar_abandoned
D:2:      layout_loops_corners, basic_altar
D:3:      layout_basic, gammafunk_temple_overflow_pools,
          mainiacjoe_sewer_entry_somewhere_in_here_1
D:4:      layout_loops_corners, minmay_temple_entry_enclosed_plants
D:5:      layout_basic, lemuel_crystal_altar
D:6:      layout_gridville, grunt_qazlal_sundering,
          mainiacjoe_overflow_catwalk_spiral, enter_ossuary_4,
          serial_bayou_pond_d
D:7:      layout_cave_pools, amcnicky_altar_gilded, david_defended_altar_orc
D:8:      layout_cave_pools, cheibrodos_worm_habitat,
          mainiacjoe_overflow_24_doors, serial_shops,
          nicolae_shop_tiny_real_fake_doors
D:9:      layout_roguey, worms_lemuel, uniq_psyche
D:10:     minmay_skewed_foursquare, layout_long_grid,
          nemelex_xobeh_ov_fountains_minmay, nicolae_trove_entry_crystal,
          serial_ice, serial_ice_b, serial_ice_j, serial_ice_n, serial_ice_h,
          serial_ice_g, serial_ice_f, serial_ice_a, serial_ice_d, serial_ice_e,
          serial_ice_c
D:11:     layout_rooms, erik_lair_orcish_takeover, serial_glass,
          glass_columns_a, glass_columns_a, uniq_harold, uniq_erolcha, uniq_urug
D:12:     layout_long_grid, erik_orc_1, serial_shops, shop
D:13:     layout_long_grid, serial_undead, serial_undead_c, serial_undead_b,
          serial_undead_f, serial_undead_b,
          nicolae_hepliaklqana_monster_ancestors
D:14:     gammafunk_jiyva_shrine, layout_cave_pools, erik_vaults_1,
          hangedman_decor_diamond_cutter, uniq_frances
D:15:     hangedman_depths_entry_try_elsewhere_first, layout_cave_pools,
          minmay_diced_spiral, uniq_roxanne
Lair:1:   layout_regular_city, basic_altar, grunt_megastairs_2
Lair:2:   layout_chaotic_city, elwin_shoals_entry_stream, uniq_maggie
Lair:3:   layout_regular_city, dummy_snake_entry, grunt_megastairs_1,
          serial_bayou_shore_a, infiniplex_staircase_pool_2
Lair:4:   gammafunk_worm_tunnel, layout_gridlike, portal_ice_cave_demonic_guard
Lair:5:   hangedman_lair_caniforms_friends, layout_regular_city,
          hangedman_lair_tendril_chambers, slime_entry_1, lemuel_fruit_tree
Snake:1:  layout_grid_maze, minmay_shop_star
Snake:2:  layout_honeycomb
Snake:3:  layout_concentric_octagons
Snake:4:  hellmonk_snake_rune_quicksilver_temple, layout_misc_corridors,
          minmay_shop_grove
Orc:1:    layout_caves, mines3_lemuel
Orc:2:    grunt_orc_cross, layout_diamond_mine, einodemon_barbed_minivault

Skill      XL: |  1  2  3  4  5  6  7  8  9 10 11 12 13 14 15 16 17 |
---------------+----------------------------------------------------+-----
Axes           | 4 5 7 8 9 11 13 14 15 16 18 20 22 24 | 24.0
Fighting       | 5 7 8 9 13 16 18 | 18.4
Armour         | 6 10 13 15 | 15.0
Dodging        | 5 8 9 10 | 10.8
Throwing       | 6 9 |  9.1
Evocations     | 5 6 |  6.0
Shields        | 4 |  4.0

Action                     |  1- 3 |  4- 6 |  7- 9 | 10-12 | 13-15 | 16-18 || total
---------------------------+-------+-------+-------+-------+-------+-------++-------
  Melee: Hand axe          |    83 |    86 |   318 |   278 |       |       ||   765
         Headbutt          |     9 |     9 |    54 |   126 |   223 |   109 ||   530
         Punch             |     2 |     2 |    21 |    44 |    43 |       ||   112
         War axe           |       |       |       |   243 |   930 |    66 ||  1239
         Dire flail        |       |       |       |     2 |       |       ||     2
         Flail             |       |       |       |       |     4 |       ||     4
         Battleaxe         |       |       |       |       |    65 |   219 ||   284
         Executioner's axe |       |       |       |       |       |   175 ||   175
  Throw: Stone             |       |       |       |     1 |       |       ||     1
         Dart              |       |       |       |    11 |    13 |     1 ||    25
         Javelin           |       |       |       |       |     1 |       ||     1
         Boomerang         |       |       |       |       |     1 |       ||     1
  Evoke: Wand              |       |       |     1 |     1 |     2 |       ||     4
    Use: Scroll            |       |       |    11 |     4 |    16 |    13 ||    44
         Potion            |       |       |       |     3 |     8 |     2 ||    13
   Stab: Confused          |     1 |       |     4 |     7 |     1 |     1 ||    14
         Paralysed         |       |     1 |     1 |     1 |       |       ||     3
         Distracted        |       |       |     1 |       |     3 |     9 ||    13
         Invisible         |       |       |       |     4 |     7 |       ||    11
         Petrifying        |       |       |       |     3 |     1 |       ||     4
         Petrified         |       |       |       |     1 |     5 |       ||     6
         Sleeping          |       |       |       |       |     1 |       ||     1
 Armour: Leather armour    |     2 |       |       |       |       |       ||     2
         Chain mail        |    41 |    50 |   178 |       |       |       ||   269
         Ring mail         |     9 |       |    14 |   251 |   452 |   302 ||  1028
         Skin              |       |       |     5 |    29 |       |       ||    34
         Plate armour      |       |       |       |       |    87 |       ||    87
         Scale mail        |       |       |       |       |    24 |       ||    24
  Dodge: Dodged            |    25 |    28 |    96 |   303 |   599 |   268 ||  1319
  Block: Buckler           |       |       |       |       |   165 |    21 ||   186

Table legend: (Time is in decaauts)
 A = Elapsed time spent in this place.
 B = Non-inter-level travel time spent in this place.
 C = Inter-level travel time spent in this place.
 D = Time resting spent in this place.
 E = Time spent auto-exploring this place.
 F = Levels seen in this place.
 G = Mean time per level.
                   A        B        C        D        E       F      G
               +--------+--------+--------+--------+--------+-----+--------+
         Total |  23227 |  20854 |   2373 |    910 |  12816 |  29 |  800.9 |
       Dungeon |  11855 |  10665 |   1190 |    398 |   7526 |  15 |  790.3 |
          Lair |   5473 |   4642 |    831 |    199 |   3029 |   5 | 1094.6 |
     Snake Pit |   3609 |   3348 |    261 |    211 |   1249 |   4 |  902.2 |
  Orcish Mines |   1208 |   1120 |     88 |     24 |    584 |   2 |  604.0 |
         Sewer |    156 |    156 |      0 |      0 |     98 |   1 |  156.0 |
       Ossuary |    179 |    179 |      0 |     23 |     55 |   1 |  179.0 |
      Ice Cave |    745 |    745 |      0 |     53 |    274 |   1 |  745.0 |
               +--------+--------+--------+--------+--------+-----+--------+

Top non-repeatable levels by time:
  Lair:5: 1469 daAuts
  Lair:3: 1222 daAuts
  Lair:4: 1133 daAuts
   Orc:2: 1060 daAuts
    D:12: 1049 daAuts
     D:5: 1023 daAuts
 Snake:3: 1010 daAuts
  Lair:2: 968 daAuts
 Snake:1: 965 daAuts
 Snake:2: 960 daAuts
     D:6: 953 daAuts
     D:1: 949 daAuts
    D:14: 914 daAuts
     D:3: 857 daAuts
    D:10: 841 daAuts
